 Dungeon Sprint DCSS version 0.16-a0-4004-g8d6611c (webtiles) character file.

223 PolkaDot the Cruncher (level 5, -7/38 HPs)
             Began as a Vampire Gladiator on Feb 15, 2015.
             Was an Initiate of Okawaru.
             Mangled by a hill giant
             ... wielding a +0 giant club
              (35 damage)
             ... in the Dungeon (Sprint IX: "|||||||||||||||||||||||||||||").
             The game lasted 00:05:35 (383 turns).

PolkaDot the Cruncher (Vampire Gladiator)            Turns: 383, Time: 00:05:35

Health: -7/38      AC: 12    Str: 14    XL:     5   Next: 66%
Magic:  5/5        EV:  9    Int: 13    God:    Okawaru [......]
Gold:   0          SH:  0    Dex: 15    Spells: 0 memorised, 4 levels left

rFire  . . .     SeeInvis +     n - +0 lajatang (elec)
rCold  . . .     Clarity  .     p - +1 chain mail
rNeg   + . .     SustAb   .     (no shield)
rPois  .         Gourm    .     c - +0 helmet
rElec  .         Spirit   .     o - +0 cloak
rCorr  .         Warding  .     a - +0 pair of gloves
rMut   .         NoTele   +     (no boots)
MR     .....                    (no amulet)
Stlth  ..........               q - +2 ring of evasion
                                b - +3 ring of intelligence

@: very slightly contaminated, hasted, invisible, very quick, not resistant to
hostile enchantments, extremely unstealthy
A: bottle blood, fangs 3, see invisible, unbreathing
a: Bat Form, Renounce Religion


You were in the Dungeon.
You worshipped Okawaru.
Okawaru was noncommittal.
You were not thirsty.

You visited 1 branch

Inventory:

Hand weapons
 n - a +0 lajatang of electrocution (weapon)
Missiles
 d - 3 throwing nets (quivered)
Armour
 a - a +0 pair of gloves (worn)
 c - a +0 helmet (worn)
 o - a +0 cloak (worn)
 p - a +1 chain mail (worn)
Jewellery
 b - a +3 ring of intelligence (left hand)
 q - a +2 ring of evasion (right hand)
Magical devices
 m - a wand of draining (7)
Scrolls
 j - 3 scrolls of remove curse
 k - 2 scrolls of blinking
 l - 2 scrolls of amnesia
Potions
 f - 5 potions of curing
 g - a potion of heal wounds
 i - 4 potions of magic


   Skills:
 - Level 1.7 Fighting
 + Level 10.2 Staves
 - Level 1.5 Throwing
 - Level 3.2 Dodging


You had 4 spell levels left.
You didn't know any spells.

Dungeon Overview and Level Annotations

Branches:
Dungeon (1/1)

Altars:
Cheibriados
Dithmenos
Elyvilon
Fedhas
Gozag
Kikubaaqudgha
Makhleb
Nemelex Xobeh
Okawaru
Qazlal
Ru
Sif Muna
Trog
Vehumet
Xom
Yredelemnul
Zin
The Shining One
Beogh
Jiyva
Lugonu


Innate Abilities, Weirdness & Mutations

You can bottle blood from corpses.
You have razor-sharp teeth.
You have supernaturally acute eyesight.
You can survive without breathing.


Message History

You are very lightly contaminated with residual magic.
You see here a dagger.
There is an open door to the Dungeon here.
Drink which item? (? for menu, Esc to quit)
You feel yourself speed up.
The hill giant hits you with a giant club!
* * * LOW HITPOINT WARNING * * *
Drink which item? (? for menu, Esc to quit)
You feel much better.
You catch the helpless hill giant completely off-guard!
You slash the hill giant!
The hill giant is moderately wounded.
The hill giant hits you with a giant club!
You slash the hill giant! You bite the hill giant.
The hill giant is heavily wounded.
You slash the hill giant!
There is a sudden explosion of sparks!
The hill giant is severely wounded.
The hill giant hits you with a giant club!!
Ouch! That really hurt!
You die... ▓▓▓▓▓▓▓▓▓▓▓▓▓▓▓▓▓▓▓▓▓▓ ▓<...@CSHK..')....'___ ▓▓▓▓▓▓▓▓▓▓▓▓▓▓▓▓▓▓▓▓▓▓

You could see a hill giant, a hippogriff, a water moccasin and a big kobold.

Vanquished Creatures
  A big kobold (D)
  A killer bee (D)
  A hound (D)
  A crimson imp (D)
  An orc wizard (D)
  An iguana (D)
  A bat (D)
  A bat skeleton (D)
  A bat zombie (D)
  A goblin (D)
  A ball python skeleton (D)
  A kobold (D)
  4 rats (D)
16 creatures vanquished.

Vanquished Creatures (others)
  A spatial maelstrom (D)
1 creature vanquished.

Grand Total: 17 creatures vanquished

Notes
Turn   | Place    | Note
--------------------------------------------------------------
     0 | D        | PolkaDot, the Vampire Gladiator, began the quest for the Orb.
     0 | D        | Reached XP level 1. HP: 16/16 MP: 1/1
     4 | D        | Banished a spatial maelstrom
    21 | D        | Noticed an iguana
    21 | D        | Noticed a crimson imp
    21 | D        | Noticed an orc wizard
    29 | D        | Killed an iguana
    29 | D        | Reached skill level 5 in Staves
    29 | D        | Reached XP level 2. HP: 13/22 MP: 2/2
    32 | D        | Reached XP level 3. HP: 16/27 MP: 3/3
    34 | D        | Killed an orc wizard
    34 | D        | Reached skill level 6 in Staves
   118 | D        | Killed a crimson imp
   118 | D        | Reached skill level 7 in Staves
   118 | D        | Reached XP level 4. HP: 20/33 MP: 4/4
   180 | D        | Found a glowing silver altar of Zin.
   180 | D        | Found a glowing golden altar of the Shining One.
   180 | D        | Found an ancient bone altar of Kikubaaqudgha.
   180 | D        | Found a basalt altar of Yredelemnul.
   180 | D        | Found a shimmering altar of Xom.
   180 | D        | Found a radiant altar of Vehumet.
   180 | D        | Found an iron altar of Okawaru.
   181 | D        | Found a burning altar of Makhleb.
   182 | D        | Found a deep blue altar of Sif Muna.
   183 | D        | Found a bloodstained altar of Trog.
   184 | D        | Found a sparkling altar of Nemelex Xobeh.
   185 | D        | Found a white marble altar of Elyvilon.
   186 | D        | Found a roughly hewn altar of Beogh.
   187 | D        | Found a viscous altar of Jiyva.
   188 | D        | Found a corrupted altar of Lugonu.
   189 | D        | Found a blossoming altar of Fedhas.
   190 | D        | Found a snail-covered altar of Cheibriados.
   191 | D        | Found a shadowy altar of Dithmenos.
   192 | D        | Found a stormy altar of Qazlal.
   193 | D        | Found an opulent altar of Gozag.
   194 | D        | Found a sacrificial altar of Ru.
   207 | D        | Became a worshipper of Warmaster Okawaru
   269 | D        | Noticed a killer bee
   269 | D        | Noticed a big kobold
   269 | D        | Noticed a hound
   272 | D        | Killed a killer bee
   272 | D        | Reached skill level 8 in Staves
   276 | D        | Killed a big kobold
   276 | D        | Reached skill level 9 in Staves
   276 | D        | Reached XP level 5. HP: 35/38 MP: 5/5
   278 | D        | Killed a hound
   278 | D        | Reached skill level 10 in Staves
   324 | D        | Noticed a hill giant
   324 | D        | Noticed a water moccasin
   324 | D        | Noticed a hippogriff
   324 | D        | Noticed a big kobold
   324 | D        | Noticed a crimson imp
   324 | D        | Noticed a red ugly thing
   383 | D        | Mangled by a hill giant

Action                   |  1- 3 |  4- 6 || total
-------------------------+-------+-------++-------
Melee: Quarterstaff      |    35 |       ||    35
       Lajatang          |       |    16 ||    16
  Use: Potion            |     2 |     4 ||     6
 Stab: Invisible         |       |     1 ||     1
  Eat: Corpse            |     2 |       ||     2
